 Dungeon Crawl Stone Soup version 0.21-a0-346-g330ab2c (webtiles) character file.

200 Amnesiac the Digger (level 5, -1/31 HPs)
             Began as a Deep Elf Earth Elementalist on Oct 5, 2017.
             Killed by miscasting Lee's Rapid Deconstruction (14 damage)
             ... on level 2 of the Dungeon.
             The game lasted 00:02:45 (2279 turns).

Amnesiac the Digger (Deep Elf Earth Elementalist)   Turns: 2279, Time: 00:02:46

Health: -1/31      AC:  6    Str:  5      XL:     5   Next: 49%
Magic:  4/13       EV: 10    Int: 17 (20) God:
Gold:   105        SH:  0    Dex: 16      Spells: 2/12 levels left

rFire    . . .     SeeInvis .   (no weapon)
rCold    . . .     Gourm    .   (no shield)
rNeg     . . .     Faith    .   n - +0 ring mail (curse)
rPois    .         Spirit   .   (no helmet)
rElec    .         Reflect  .   t - +0 cloak {+Inv}
rCorr    .         Harm     .   (no gloves)
MR       .....                  (no boots)
Stlth    +.........             (no amulet)
HPRegen  0.10/turn              (no ring)
MPRegen  0.13/turn              (no ring)

@: contaminated, glowing
A: no striking features
a: Evoke Invisibility


You were on level 2 of the Dungeon.
You were not hungry.

You visited 1 branch of the dungeon, and saw 2 of its levels.

You collected 105 gold pieces.

Inventory:

Hand Weapons
 j - a +1 dagger of flaming
 l - a +1 mace of draining
Missiles
 b - 23 stones (quivered)
 i - 28 poisoned needles
Armour
 c - a +0 robe
 n - a cursed +0 ring mail (worn)
 t - a +0 cloak of invisibility (worn)
Jewellery
 f - an uncursed ring of ice {unknown}
 k - a cursed -3 ring of protection {unknown}
Scrolls
 g - 2 scrolls of teleportation {!r, unknown}
 q - a scroll of amnesia {!r, unknown}
Potions
 h - a potion of berserk rage {!q, unknown}
 m - 2 potions of cancellation {!q, unknown}
 s - a potion of invisibility {!q, unknown}
Books
 e - a book of Geomancy

   Spells                             Type                      Level
   a - Sandblast                      Earth                        1
   b - Passwall                       Transmutation/Earth          2
   c - Stone Arrow                    Conjuration/Earth            3
   d - Petrify                        Transmutation/Earth          4
   e - Lee's Rapid Deconstruction     Earth                        5
Comestibles
 a - a meat ration
 d - a bread ration
 p - 2 fruits
 r - a royal jelly


   Skills:
 + Level 2.7 Fighting
 - Level 3.3 Dodging
 - Level 3.5 Stealth
 - Level 4.0 Spellcasting
 - Level 1.1 Transmutations
 - Level 4.0 Earth Magic


You had 2 spell levels left.
You knew the following spells:

 Your Spells              Type           Power        Failure   Level  Hunger
a - Sandblast             Erth           ###...       14%         1    None
d - Lee's Rapid Deconstr  Erth           ###.......   99%         5    ######.
e - Petrify               Tmut/Erth      ##......     95%         4    ####...


Dungeon Overview and Level Annotations

Branches:
Dungeon (2/15)

Altars:
Ashenzari
Sif Muna
Trog
Uskayaw


Message History

You become transparent for a moment.
Wear which item? (? for menu, Esc to quit)
Okay, then.
Casting: Sandblast
Confirm with . or Enter, or press ? or * to list all spells.
Okay, then.
This spell is very dangerous to cast!
Memorise Lee's Rapid Deconstruction, consuming 5 spell levels and leaving 2?
You start memorising the spell.
You continue memorising. x5
You finish memorising.
Spell assigned to 'd'.
Casting: Sandblast
Confirm with . or Enter, or press ? or * to list all spells.
The spell is very dangerous to cast!
Continue anyway?
Aiming: Lee's Rapid Deconstruction
Press: ? - help, Dir - move target cursor You miscast Lee's Rapid Deconstruction.
You are lightly contaminated with residual magic.
Motes of dust swirl before your eyes.
You start resting.
Sif Muna's wrath finds you.
You feel dopey. The divine experience confuses you!
You are confused.
You're too confused to cast spells.
Drop what? 20/52 slots (_ for help) (? for menu, Esc to quit)
Okay, then.
You start resting.
You feel less confused.
Casting: Lee's Rapid Deconstruction
Confirm with . or Enter, or press ? or * to list all spells.
The spell is very dangerous to cast!
Continue anyway? [Y]es or [N]o only, please.
The spell is very dangerous to cast!
Continue anyway? [Y]es or [N]o only, please.
The spell is very dangerous to cast!
Continue anyway?
Aiming: Lee's Rapid Deconstruction
Press: ? - help, Dir - move target cursor You miscast Lee's Rapid Deconstruction.
You are contaminated with residual magic.
You are caught in an explosion of flying shrapnel!
The explosion engulfs you!
Ouch! That really hurt!
* * * LOW HITPOINT WARNING * * *
You are feeling hungry.
You start resting.
Eating a chunk of flesh.
You eat the chunk of flesh.
This raw flesh tastes terrible.
You feel less contaminated with magical energies.
Casting: Lee's Rapid Deconstruction
Confirm with . or Enter, or press ? or * to list all spells.
The spell is very dangerous to cast!
Continue anyway? [Y]es or [N]o only, please.
The spell is very dangerous to cast!
Continue anyway? [Y]es or [N]o only, please.
The spell is very dangerous to cast!
Continue anyway?
Aiming: Lee's Rapid Deconstruction
Press: ? - help, Dir - move target cursor, f - you
Okay, then.
Casting: Lee's Rapid Deconstruction
Confirm with . or Enter, or press ? or * to list all spells.
The spell is very dangerous to cast!
Continue anyway?
Aiming: Lee's Rapid Deconstruction
Press: ? - help, Dir - move target cursor You miscast Lee's Rapid Deconstruction.
You are contaminated with residual magic.
You are blasted with sand!
You die...

##.....## #.##.##.#
#..### ##...##
#.##.##.# ##.# ##'##
#.......# #.# ### #.#
######### #.# ..# #.#
#.# #.###.## #.#
#.##...##♣♣ #### #.#
### #.#......P♣♣
♣♣#..)# #.###.#
..........)♣♣♣♣.@...#
#.##.#.
#.###.....).♣..♣#...#
#.#.### #.#
#.#..P.♣.♣♣♣ ####
#.....# #.#
#.###♣♣♣♣♣ ###.#..
..# #.# ##.#. ### #.#
##.# #.# ##########
#.# ###.....#### #.#
#......##...


There were no monsters in sight!

Vanquished Creatures
  A scorpion (D:2)
  Crazy Yiuf (D:2)
  Natasha (twice) (D:2)
  An adder (D:2)
  3 oozes
  2 dart slugs
  3 giant cockroaches
  6 hobgoblins
  4 jackals (D:1)
  A quokka (D:2)
  2 ball pythons
  7 bats
  A frilled lizard (D:2)
  8 kobolds
  9 rats
51 creatures vanquished.

Notes
Turn   | Place    | Note
-------+----------+-------------------------------------------
     0 | D:1      | Amnesiac the Deep Elf Earth Elementalist began the quest for the Orb.
     0 | D:1      | Reached XP level 1. HP: 10/10 MP: 6/6
   372 | D:1      | Reached XP level 2. HP: 15/15 MP: 6/8
   924 | D:2      | Noticed a scorpion
   927 | D:2      | Killed a scorpion
   927 | D:2      | Reached XP level 3. HP: 19/19 MP: 6/10
   927 | D:2      | Reached XP level 4. HP: 24/24 MP: 6/11
   996 | D:2      | Found a runed door.
  1054 | D:2      | Learned a level 4 spell: Petrify
  1506 | D:2      | Noticed Natasha
  1510 | D:2      | Killed Natasha
  1510 | D:2      | Reached skill level 1 in Fighting
  1515 | D:2      | Found a hide-covered altar of Uskayaw.
  1566 | D:2      | Found a bloodstained altar of Trog.
  1690 | D:2      | Found a deep blue altar of Sif Muna.
  1694 | D:2      | Found a shattered altar of Ashenzari.
  1714 | D:2      | Became a worshipper of Sif Muna the Loreminder
  1715 | D:2      | Fell from the grace of Sif Muna
  1902 | D:2      | Noticed Natasha
  1907 | D:2      | Killed Natasha
  1907 | D:2      | Reached XP level 5. HP: 26/30 MP: 8/13
  2157 | D:2      | Noticed Crazy Yiuf
  2166 | D:2      | Killed Crazy Yiuf
  2180 | D:2      | Learned a level 5 spell: Lee's Rapid Deconstruction
  2279 | D:2      | Killed by miscasting Lee's Rapid Deconstruction

Vault maps used:
D:1:      saegor_arrival_simple_f, lemuel_flame_loot_1
D:2:      marbit_many_paths, lemuel_round_altar, grunt_temple_overflow_open,
          uniq_natasha, uniq_crazy_yiuf_cottage

Skill      XL: |  1  2  3  4 |
---------------+-------------+-----
Stealth        | 3 |  3.5
Dodging        | 3 |  3.3
Earth Magic    | 4 |  4.0
Spellcasting   | 4 |  4.0
Fighting       | 2 |  2.7
Transmutations | |  1.1

Action                   |  1- 3 |  4- 6 || total
-------------------------+-------+-------++-------
 Cast: Sandblast         |    34 |    55 ||    89
Invok: Renounce Religion |       |     1 ||     1
  Eat: Chunk             |       |     6 ||     6
Armor: Ring mail         |       |    11 ||    11
Dodge: Dodged            |     7 |    18 ||    25

Table legend:
 A = Spawn XP
 B = Non-spawn XP
 C = Spawn XP percentage of total XP
 D = Spawn monster count
 E = Non-spawn monster count
 F = Spawn count percentage of total count
 G = Total turns spent on level
                    A         B        C        D         E        F      G
               +---------+---------+-------+---------+---------+-------+---------
         Total |       0 |     287 |   0.0 |       0 |      51 |   0.0 |  2279
               +---------+---------+-------+---------+---------+-------+---------
           D:1 |       0 |      37 |   0.0 |       0 |      20 |   0.0 |   900
           D:2 |       0 |     250 |   0.0 |       0 |      31 |   0.0 |  1379
               +---------+---------+-------+---------+---------+-------+---------
